 Dungeon Crawl Stone Soup version 0.28-a0-239-g68911e0c57 (webtiles) character file.

Game seed: 6342590923660558534

37 PentaManta the Chopper (level 3, -5/31 HPs)
             Began as a Minotaur Berserker on Aug 23, 2021.
             Was a Follower of Trog.
             Slain by Crazy Yiuf (15 damage)
             ... on level 2 of the Dungeon.
             The game lasted 00:02:08 (1348 turns).

PentaManta the Chopper (Minotaur Berserker)         Turns: 1348, Time: 00:02:08

Health: -5/31      AC:  3    Str: 28    XL:     3   Next: 23%
Magic:  2/2        EV: 11    Int:  4    God:    Trog [*.....]
Gold:   70         SH:  0    Dex:  9    Spells: 2/2 levels left

rFire   . . .      SeeInvis .   a - +0 hand axe
rCold   . . .      Faith    .   (no shield)
rNeg    + . .      Spirit   .   h - +0 leather armour
rPois   .          Reflect  .   (helmet restricted)
rElec   .          Harm     .   c - scarf {repulsion}
rCorr   .          Rampage  .   (no gloves)
Will    .....                   (no boots)
Stlth   +.........              (no amulet)
HPRegen 0.10/turn               e - ring of positive energy
MPRegen 0.08/turn               i - +6 ring of strength

@: on berserk cooldown, hasted and slowed, repel missiles
A: horns 2, retaliatory headbutt
a: Renounce Religion, Berserk


You were on level 2 of the Dungeon.
You worshipped Trog.
Trog was aware of your devotion.
You visited 1 branch of the dungeon, and saw 2 of its levels.

You collected 70 gold pieces.

Inventory:

Hand Weapons
 a - a +0 hand axe (weapon)
Armour
 b - a +0 animal skin
 c - a scarf of repulsion (worn)
 h - a +0 leather armour (worn)
Jewellery
 e - a ring of positive energy (left hand)
 i - a +6 ring of strength (right hand)
Scrolls
 f - a scroll of enchant armour {unknown}
 j - a scroll of brand weapon {unknown}
Potions
 d - a potion of heal wounds {unknown}
 g - a potion of ambrosia {unknown}
 k - a potion of attraction {unknown}


   Skills:
 - Level 3.6 Fighting
 + Level 5.3 Axes
 - Level 2.4 Armour
 - Level 2.1 Dodging


You had 2 spell levels left.
You didn't know any spells.
Your spell library was empty.

Dungeon Overview and Level Annotations

Branches:
Dungeon (2/15)

Altars:
Zin

Annotations:
D:2 Crazy Yiuf


Innate Abilities, Weirdness & Mutations

You have a pair of horns on your head.
You reflexively headbutt those who attack you in melee.


Message History

There is a stone staircase leading down here.
You see here a +0 robe.
Could not explore, unopened runed door.
Could not explore, unopened runed door.
Could not explore, unopened runed door.
Press: ? - help, v - describe, . - travel
Here: Crazy Yiuf, wielding a +4 quarterstaff of chaos and wearing a +0 cloak (fire blocked by a runed translucent door)
The floor.
A red film seems to cover your vision as you go berserk!
You feel yourself moving faster!
You feel mighty!
The door flies open with a bang!
You feel a strong urge to attack something.
Crazy Yiuf barely misses you.
There is an open translucent door here.
Your leather armour prevents you from hitting Crazy Yiuf.
Crazy Yiuf hits you with a +4 quarterstaff of chaos!
You feel yourself speed up.
You slash Crazy Yiuf!
Crazy Yiuf is moderately wounded.
You slash Crazy Yiuf! Your headbutt misses Crazy Yiuf.
Crazy Yiuf is severely wounded.
Crazy Yiuf hits you with a +4 quarterstaff of chaos!
Crazy Yiuf freezes you.
You hit Crazy Yiuf.
Crazy Yiuf is almost dead.
Crazy Yiuf hits you with a +4 quarterstaff of chaos.
You resist with some effort.
You closely miss Crazy Yiuf.
Crazy Yiuf is almost dead.
You barely miss Crazy Yiuf. Your headbutt misses Crazy Yiuf.
Crazy Yiuf is almost dead.
You are no longer berserk.
You are exhausted.
You feel yourself slow down.
Crazy Yiuf says, "Shadow!
Buddy cloud shoe."
Crazy Yiuf hits you with a +4 quarterstaff of chaos.
You completely miss Crazy Yiuf.
Crazy Yiuf is almost dead.
Crazy Yiuf hits you with a +4 quarterstaff of chaos!
You die...

#### ♣♣####
#)..#♣♣ ♣♣....##
#..g@.♣♣♣♣PP....#
#...#♣..♣..P....#
#### ♣♣♣.♣....#[#
♣♣♣♣♣###.# #####
#.# #...#### #.#
#......#
######.#####
#......#
#...##......
#......####
#.≈≈≈###....


You could see Crazy Yiuf.

Vanquished Creatures
  2 dart slugs (D:1)
  4 ball pythons
  3 endoplasms
  3 goblins
  5 hobgoblins
  3 kobolds
  A quokka (D:2)
  4 bats
  3 frilled lizards
  4 rats
32 creatures vanquished.

Notes
Turn   | Place    | Note
-------+----------+-------------------------------------------
     0 | D:1      | PentaManta the Minotaur Berserker began the quest for the
                  | Orb.
     0 | D:1      | Reached XP level 1. HP: 19/19 MP: 0/0
    82 | D:1      | Reached skill level 4 in Axes
   112 | D:1      | Reached XP level 2. HP: 18/26 MP: 1/1
   597 | D:1      | Reached skill level 5 in Axes
   704 | D:2      | Found a glowing silver altar of Zin.
   793 | D:2      | Reached XP level 3. HP: 31/31 MP: 2/2
   926 | D:2      | Found a runed translucent door.
   927 | D:2      | Noticed Crazy Yiuf
  1348 | D:2      | Slain by Crazy Yiuf

Illustrated notes

Levels and vault maps discovered:
D:1:      shiori_arrival_maze, layout_basic, st_stairs_5
D:2:      layout_rooms, basic_altar, serial_rivers,
          chequers_serial_rivers_micro_a, chequers_serial_rivers_micro_d,
          chequers_serial_rivers_micro_d, chequers_serial_rivers_micro_b,
          chequers_serial_rivers_micro_a, uniq_crazy_yiuf_cottage

Skill      XL: |  1  2 |
---------------+-------+-----
Axes           | 4 5 |  5.3
Fighting       | |  3.6
Armour         | |  2.4
Dodging        | |  2.1

Action                   || total
-------------------------++-------
Melee: Hand axe          ||    57
       Headbutt          ||     8
Invok: Berserk           ||     1
Armor: Animal skin       ||     6
       Leather armour    ||     5
Dodge: Dodged            ||    32

Table legend: (Time is in decaauts)
 A = Elapsed time spent in this place.
 B = Non-inter-level travel time spent in this place.
 C = Inter-level travel time spent in this place.
 D = Time resting spent in this place.
 E = Time spent auto-exploring this place.
 F = Levels seen in this place.
 G = Mean time per level.
                   A        B        C        D        E       F      G
               +--------+--------+--------+--------+--------+-----+--------+
         Total |   1351 |   1348 |      3 |      0 |   1117 |   2 |  675.5 |
       Dungeon |   1351 |   1348 |      3 |      0 |   1117 |   2 |  675.5 |
               +--------+--------+--------+--------+--------+-----+--------+

Top non-repeatable levels by time:
     D:1: 683 daAuts
     D:2: 667 daAuts
